 Dungeon Crawl Stone Soup version 0.31-a0-360-gb3e1d13bf4 (webtiles) character file.

Game seed: 4430427890487492489

46 randomguy2701 the Covered (level 3, -3/33 HPs)
             Began as a Minotaur Fighter on July 26, 2023.
             Slain by a gnoll
             ... wielding a +0 whip
              (4 damage)
             ... on level 2 of the Dungeon.
             The game lasted 00:00:39 (528 turns).

randomguy2701 the Covered (Minotaur Fighter)         Turns: 528, Time: 00:00:39

Health: -3/33      AC:  7    Str: 20    XL:     3   Next: 44%
Magic:  2/2        EV:  9    Int:  5    God:
Gold:   0          SH:  4    Dex: 11    Spells: 2/2 levels left

rFire   . . .        a - +0 war axe
rCold   . . .        c - +0 buckler
rNeg    . . .        b - +0 scale mail
rPois   .            (helmet restricted)
rElec   .            (no cloak)
rCorr   .            (no gloves)
SInv    .            (no boots)
Will    .....        (no amulet) Stlth
                     (no ring)
HPRegen 0.25/turn    (no ring)
MPRegen 0.08/turn

%: no passive effects
@: no status effects
A: horns 2, retaliatory headbutt
a: no special abilities


You were on level 2 of the Dungeon.
You visited 1 branch of the dungeon, and saw 2 of its levels.

Inventory:

Hand Weapons
 a - a +0 war axe (weapon)
Armour
 b - a +0 scale mail (worn)
 c - a +0 buckler (worn)
Jewellery
 h - a ring of fire
Scrolls
 e - a scroll of enchant armour {unknown}
 g - a scroll of teleportation {unknown}
Potions
 d - a potion of might
 f - a potion of mutation {unknown}


   Skills:
 + Level 4.1 Fighting
 + Level 3.0 Axes
 + Level 4.3 Armour
 + Level 0.2 Dodging
 + Level 4.0 Shields


You had 2 spell levels left.
You didn't know any spells.
Your spell library was empty.

Dungeon Overview and Level Annotations

Branches:
Dungeon (2/15)

Altars:


Innate Abilities, Weirdness & Mutations

You have a pair of horns on your head.
You reflexively headbutt those who attack you in melee.


Message History

A kobold comes into view. It is wielding a +0 whip.
There are monsters nearby!
The gnoll hits you with a +0 whip. The gnoll hits you with a +0 club.
You hit the gnoll.
The gnoll is moderately wounded.
You hit the gnoll. The gnoll hits you with a +0 club.
You block the gnoll's attack.
You hit the gnoll.
The gnoll is severely wounded.
You hit the gnoll but do no damage. x2; You closely miss the kobold.
The gnoll hits you with a +0 club. The kobold misses you.
The gnoll barely misses you. x3; You block the gnoll's attack. x2
The kobold hits you with a +0 whip.
You closely miss the gnoll.
The gnoll is severely wounded.
You hit the gnoll but do no damage. You hit the gnoll. You hit the kobold.
The gnoll hits you with a +0 club. The gnoll barely misses you.
The gnoll closely misses you. You furiously retaliate!
You headbutt the gnoll. The kobold hits you but does no damage.
You closely miss the gnoll. Your headbutt misses the gnoll.
The gnoll is severely wounded.
You hit the kobold but do no damage. You completely miss the gnoll.
You hit the gnoll. The gnoll hits you with a +0 club.
The kobold hits you with a +0 whip. The gnoll completely misses you.
The gnoll barely misses you. You block the gnoll's attack.
The kobold barely misses you. The gnoll closely misses you.
You block the gnoll's attack.
You hit the gnoll but do no damage.
The gnoll is heavily wounded.
You hit the gnoll.
You kill the gnoll!
You hit the gnoll. You hit the kobold but do no damage.
The gnoll barely misses you. You furiously retaliate!
You headbutt the gnoll. The kobold hits you but does no damage.
The gnoll hits you with a +0 flail!
* * * LOW HITPOINT WARNING * * *
You hit the gnoll. You headbutt the gnoll.
You kill the gnoll!
You hit the gnoll but do no damage. You barely miss the kobold.
The gnoll hits you with a +0 whip.
You die...

#.##.........#.##..##
##.#########....##...##
#..........'...........
############...#....#
#........+ ####.....#
#.##### ########.#
#...)@...# #...g)K..#
#........# #.....##.#
#.....##.# #.....##.#
#.....##.# #.....# .#


You could see a gnoll and a kobold.

Vanquished Creatures
  2 gnolls (D:2)
  2 dart slugs (D:1)
  4 endoplasms (D:1)
  A giant cockroach (D:1)
  7 goblins
  A hobgoblin (D:1)
  3 quokkas
  2 ball pythons (D:1)
  3 bats (D:1)
  A frilled lizard (D:1)
  3 kobolds (D:1)
  A rat (D:1)
30 creatures vanquished.

Notes
Turn   | Place    | Note
-------+----------+-------------------------------------------
     0 | D:1      | randomguy2701 the Minotaur Fighter began the quest for the
                  | Orb.
     0 | D:1      | Reached XP level 1. HP: 19/19 MP: 0/0
    59 | D:1      | Reached XP level 2. HP: 27/27 MP: 1/1
   307 | D:1      | Reached XP level 3. HP: 30/33 MP: 2/2
   527 | D:2      | HP: 1/33 [gnoll/+0 flail (10)]
   528 | D:2      | Slain by a gnoll

Illustrated notes

Levels and vault maps discovered:
D:1:      minmay_arrival_jagged, layout_basic
D:2:      layout_basic, basic_ecumenical_altar, basic_altar, uniq_terence

Skill      XL: |  1  2  3 |
---------------+----------+-----
Armour         | 4 |  4.3
Fighting       | 4 |  4.1
Shields        | 4 |  4.0
Axes           | 3 |  3.0
Dodging        | |  0.2

Action                     || total
---------------------------++-------
  Melee: War axe           ||    60
         Headbutt          ||    12
 Armour: Scale mail        ||    26
  Dodge: Dodged            ||    35
  Block: Buckler           ||    15

Table legend: (Time is in decaauts)
 A = Elapsed time spent in this place.
 B = Non-inter-level travel time spent in this place.
 C = Inter-level travel time spent in this place.
 D = Time resting spent in this place.
 E = Time spent auto-exploring this place.
 F = Levels seen in this place.
 G = Mean time per level.
                   A        B        C        D        E       F      G
               +--------+--------+--------+--------+--------+-----+--------+
         Total |    551 |    535 |     16 |      0 |    392 |   2 |  275.5 |
       Dungeon |    551 |    535 |     16 |      0 |    392 |   2 |  275.5 |
               +--------+--------+--------+--------+--------+-----+--------+

Top non-repeatable levels by time:
     D:1: 493 daAuts
     D:2: 57 daAuts
